 Dungeon Crawl Stone Soup version 0.28.0 (webtiles) character file.

Game seed: 6468877246182592404

53 Minsecho the Skirmisher (level 3, 0/40 HPs)
             Began as an Ogre Berserker on Feb 16, 2022.
             Was a Follower of Trog.
             Slain by a gnoll (2 damage)
             ... on level 2 of the Dungeon.
             The game lasted 00:02:20 (1613 turns).

Minsecho the Skirmisher (Ogre Berserker)            Turns: 1613, Time: 00:02:21

Health: 0/40       AC:  3    Str: 21    XL:     3   Next: 87%
Magic:  3/3        EV: 10    Int:  8    God:    Trog [*.....]
Gold:   41         SH:  0    Dex: 10    Spells: 2/2 levels left

rFire   . . .      SeeInvis .   a - +0 mace
rCold   . . .      Faith    .   (no shield)
rNeg    . . .      Spirit   .   b - +0 animal skin
rPois   .          Reflect  .   (helmet restricted)
rElec   .          Harm     .   (no cloak)
rCorr   .          Rampage  .   (gloves unavailable)
Will    .....                   (boots unavailable)
Stlth   +.........              (no amulet)
HPRegen 0.13/turn               (no ring)
MPRegen 0.08/turn               (no ring)

@: on berserk cooldown, slowed, very slow
A: large, unfitting armour, tough skin 1
a: Renounce Religion, Berserk


You were on level 2 of the Dungeon.
You worshipped Trog.
Trog was aware of your devotion.
You visited 1 branch of the dungeon, and saw 2 of its levels.

You collected 41 gold pieces.

Inventory:

Hand Weapons
 a - a +0 mace (weapon)
Armour
 b - a +0 animal skin (worn)
Scrolls
 c - 2 scrolls of identify {unknown}
 f - a scroll of fear {unknown}
Potions
 d - a potion of lignification {unknown}
 g - a potion of mutation {unknown}
 h - a potion of might {unknown}
 i - a potion of invisibility {unknown}
 j - a potion of ambrosia {unknown}
 k - 2 potions of flight {unknown}


   Skills:
 + Level 4.7 Fighting
 + Level 3.3 Maces & Flails
 + Level 3.2 Dodging
 + Level 0.3 Stealth


You had 2 spell levels left.
You didn't know any spells.
Your spell library was empty.

Dungeon Overview and Level Annotations

Branches:
Dungeon (2/15)

Altars:


Innate Abilities, Weirdness & Mutations

You are too large for most types of armour.
You have tough skin. (AC +1)


Message History

The gnoll is severely wounded.
The gnoll hits you from afar with a +0 spear.
You sock the gnoll!
You kill the gnoll!
Trog accepts your kill.
The gnoll throws a throwing net.
The throwing net hits you.
You become entangled in the net!
You struggle against the net.
The gnoll hits you from afar with a +0 spear.
You struggle against the net.
You feel a strong urge to attack something.
You struggle against the net.
The gnoll hits you from afar with a +0 spear.
* * * LOW HITPOINT WARNING * * *
You shred the net and break free!
You feel your anger nearly subside.
You are no longer berserk.
You are exhausted.
You feel yourself slow down. The gnoll misses you.
The gnoll hits you but does no damage.
Items here: )) ††.
You sock the gnoll!
The gnoll is heavily wounded.
The gnoll hits you with a +0 spear.
* * * LOW HITPOINT WARNING * * *
The gnoll barely misses you.
You closely miss the gnoll.
The gnoll is heavily wounded.
The gnoll hits you but does no damage. The gnoll hits you with a +0 spear.
* * * LOW HITPOINT WARNING * * *
It was a potion of curing.
You feel better. The gnoll hits you with a +0 spear.
* * * LOW HITPOINT WARNING * * *
You feel better. The gnoll hits you with a +0 spear.
* * * LOW HITPOINT WARNING * * *
The gnoll closely misses you.
You hit the gnoll but do no damage.
The gnoll is heavily wounded.
The gnoll hits you with a +0 spear!
* * * LOW HITPOINT WARNING * * *
The gnoll hits you with a +0 spear.
You die...

#. #.# #...#.. ...# #. #.#
#...#P. .P.# .# .. #.#
#...P#.#.#P#..# #######.#
.............# .....##.#
.g.#.......# ####.# #.#.#
...#.# #...#
...#.##################..#
.###............@g..)...>#
.# #######################
.# .# .# .# .# .# .#


You could see a gnoll.

Vanquished Creatures
  3 gnolls (D:2)
  A dart slug (D:1)
  3 ball pythons
  4 endoplasms
  2 quokkas (D:1)
  4 bats
  A frilled lizard (D:2)
  A goblin (D:1)
  2 kobolds
  3 rats (D:1)
24 creatures vanquished.

Notes
Turn   | Place    | Note
-------+----------+-------------------------------------------
     0 | D:1      | Minsecho the Ogre Berserker began the quest for the Orb.
     0 | D:1      | Reached XP level 1. HP: 24/24 MP: 1/1
   108 | D:1      | Found a faded altar of an unknown god.
   108 | D:1      | Noticed an eye of devastation
   129 | D:1      | Noticed a great orb of eyes
   349 | D:1      | Reached XP level 2. HP: 31/32 MP: 2/2
   742 | D:1      | Noticed a shining eye
   742 | D:1      | Noticed a great orb of eyes
  1571 | D:2      | Reached XP level 3. HP: 34/40 MP: 3/3
  1610 | D:2      | HP: 2/40 [gnoll (6)]
  1613 | D:2      | Slain by a gnoll

Illustrated notes

Levels and vault maps discovered:
D:1:      roderic_crop_circles_arrival_small, layout_loops_ring,
          hellmonk_ecumenical_altar_watching_god, minmay_misc_feat_enclosed,
          minmay_misc_feat_alley, roderic_filled_cross, minmay_strange_pillars
D:2:      cheibrodos_old_hovel, layout_basic

Skill      XL: |  1  2 |
---------------+-------+-----
Dodging        | 3 |  3.2
Maces & Flails | 3 |  3.3
Fighting       | |  4.7
Stealth        | |  0.3

Action                   || total
-------------------------++-------
Melee: Mace              ||    67
       Punch             ||     1
Invok: Berserk           ||     1
  Use: Potion            ||     2
Armor: Animal skin       ||    24
Dodge: Dodged            ||    49
